 Dungeon Sprint DCSS version 0.28-a0-224-g76b539d98b (webtiles) character file.

Game seed: 16845879483387554423

4391 Conn the Arsonist (level 10, -1/63 HPs)
             Began as an Octopode Fire Elementalist on Aug 14, 2021.
             Was a High Priest of Sif Muna.
             Succumbed to a redback's poison
             ... in the Dungeon (Sprint VII: "The Pits") on Aug 21, 2021.
             The game lasted 00:20:16 (1661 turns).

Conn the Arsonist (Octopode Fire Elementalist)      Turns: 1661, Time: 00:20:17

Health: -1/63      AC:  1    Str:  8    XL:     10   Next: 35%
Magic:  15/24      EV: 15    Int: 20    God:    Sif Muna [*****.]
Gold:   0          SH:  0    Dex: 13    Spells: 7/29 levels left

rFire   . . .      SeeInvis .   n - +7 pair of quick blades "Gyre" and "Gimble" {protect}
rCold   . . .      Faith    .   (shield currently unavailable)
rNeg    . . .      Spirit   .   (helmet restricted)
rPois   .          Reflect  .   (no amulet)
rElec   .          Harm     .   (no ring)
rCorr   .          Rampage  .   (no ring)
Will    .....      NoTele   +   (no ring)
Stlth   +++++.....              (no ring)
HPRegen 0.20/turn               (no ring)
MPRegen 0.19/turn               (no ring)
                                (no ring)
                                (no ring)

@: lethally poisoned (-1 -> -36)
A: almost no armour, amphibious, 8 rings, camouflage 1, gelatinous body 1,
(nimble swimmer 1), tentacles
a: Renounce Religion, Channel Magic, Forget Spell, Divine Exegesis


You were in the Dungeon.
You worshipped Sif Muna.
Sif Muna was extremely pleased with you.
You visited 1 branch

Inventory:

Hand Weapons
 g - a +2 dagger
 k - a +2 dagger of draining
 n - the +7 pair of quick blades "Gyre" and "Gimble" (weapon) {protect}
   (You found it in the Dungeon)

   It grants its wielder temporary protection when it strikes (+7 to AC).
Jewellery
 c - a +3 ring of intelligence
 j - a +3 ring of strength
Scrolls
 i - 5 scrolls of amnesia
Potions
 a - 7 potions of curing
 d - 2 potions of magic
 f - 2 potions of resistance
 l - a potion of brilliance
 o - a potion of mutation


   Skills:
 + Level 4.0 Fighting
 + Level 7.2 Short Blades
 + Level 6.0 Dodging
 - Level 8.8 Stealth
 + Level 10.2 Spellcasting
 * Level 10.0 Conjurations
 + Level 4.5 Hexes
 + Level 13.2 Fire Magic
 - Level 6.3 Invocations


You had 7 spell levels left.
You knew the following spells:

 Your Spells              Type           Power      Damage    Failure   Level
a - Foxfire               Conj/Fire      100%       2x1d9     1%          1
b - Conjure Flame         Conj/Fire      54%        6-21      1%          3
c - Inner Flame           Hex/Fire       45%        N/A       1%          3
d - Sticky Flame          Conj/Fire      54%        2d7       1%          4
e - Fireball              Conj/Fire      27%        3d12      1%          5
f - Iskenderun's Battles  Conj           50%        2d10      3%          5
g - Magic Dart            Conj           100%       1d8       1%          1

Your spell library contained the following spells:

 Spells                   Type           Power      Damage    Failure   Level
 Corona                   Hex            31%        N/A       1%          1
 Dazzling Flash           Conj/Hex       78%        N/A       1%          3
 Confusing Touch          Hex            28%        N/A       3%          3
 Fulminant Prism          Conj/Hex       19%        3d11      3%          4
 Portal Projectile        Hex/Tloc       38%        N/A       9%          3
 Starburst                Conj/Fire      27%        6d9       9%          6
 Spider Form              Tmut/Pois      5%         N/A       21%         3
 Ice Form                 Ice/Tmut       10%        N/A       56%         4
 Spellforged Servitor     Conj/Summ      15%        N/A       100%        7
 Summon Hydra             Summ           5%         N/A       100%        7
 Fire Storm               Conj/Fire      27%        8d7       100%        9


Dungeon Overview and Level Annotations

Branches:
Dungeon (1/1)

Altars:
Ashenzari
Cheibriados
Dithmenos
Elyvilon
Fedhas
Gozag
Hepliaklqana
Kikubaaqudgha
Makhleb
Nemelex Xobeh
Okawaru
Qazlal
Ru
Sif Muna
Trog
Uskayaw
Vehumet
Wu Jian
Xom
Yredelemnul
Zin
The Shining One
Beogh
Jiyva
Lugonu


Innate Abilities, Weirdness & Mutations

You cannot wear most types of armour.
You are amphibious.
You can wear up to eight rings at the same time.
Your skin changes colour to match your surroundings (Stealth+).
Your rubbery body absorbs attacks. (AC +1, EV +1)
((You are camouflaged near water. (Stealth+)))
You have tentacles for arms and can constrict up to eight enemies at once.


Message History

The water engulfing you falls away.
The redback burns!
You kill the redback!
Sif Muna accepts your kill.
Your Fighting skill increases to level 4!
Your Conjurations skill increases to level 10!
You feel much better. The water elemental hits you. The redback bites you!
Casting: Sticky Flame (dangerous; 1% risk of failure)
Confirm with . or Enter, or press ? or * to list all spells.
Okay, then.
Unknown command.
Unknown command.
Unknown command.
Unknown command.
Casting: Sticky Flame (dangerous; 1% risk of failure)
Confirm with . or Enter, or press ? or * to list all spells.
Aiming: Inner Flame (safe; 1% risk of failure)
Press: ? - help, Shift-Dir - straight line, f - redback
Aim: a redback (chance to affect: 92%)
The redback is filled with an inner flame.
The redback barely misses you. The water elemental barely misses you.
Unknown command.
Casting: Inner Flame (safe; 1% risk of failure)
Confirm with . or Enter, or press ? or * to list all spells.
Aiming: Sticky Flame (dangerous; 1% risk of failure)
Press: ? - help, Shift-Dir - straight line, f/p - redback
Aim: a redback (inner flame, 100% to hit)
The sticky flame hits the redback.
Flame seeps out of the redback.
The redback is lightly wounded.
The redback is covered in liquid flames!
The redback burns!
Flame seeps out of the redback.
The redback is engulfed in blazing flames.
Flame seeps out of the redback.
The redback bites you.
* * * LOW HITPOINT WARNING * * *
You are lethally poisoned!
The redback poisons you! The water elemental closely misses you.
The redback is engulfed in blazing flames.
Flame seeps out of the redback.
The redback bites you!
* * * LOW HITPOINT WARNING * * *
Unknown command.
You die...

###.##................+
.....'................+
)#####......#..#......#
.#..##................#
.#.)#####'#####''######
##))##..)....##''##### ##
.#))##.......##......#...
.#[[##.......##....###..
##'###...<...##.@.##.'.
....##.......##..##..#
....##.......##Es#..# .
######.......##††#..#....
)#..###########..').'....
.#.############..#..#....
.#.#....#..[[##..#..# .
)#)#....#..[[##..##..#
.#('....'...)##... #.'.


You could see a water elemental and a redback (inner flame, burning).

Vanquished Creatures
  A boulder beetle (D)
  A two-headed ogre (D)
  2 cyclopes (D)
  An orange demon (D)
  A freezing wraith (D)
  A red devil (D)
  A jumping spider (D)
  A redback (D)
  2 tarantellas (D)
  A warg (D)
  A floating eye (D)
  A black bear (D)
  An orc warrior (D)
  2 gnoll sergeants (D)
  A scorpion (D)
  A gnoll shaman (D)
  10 gnolls (D)
  2 adders (D)
  An ufetubus (D)
  An orc (D)
  A bat skeleton (D)
  2 goblins (D)
  A hobgoblin (D)
  3 jackals (D)
  A kobold (D)
  A frilled lizard (D)
  2 rats (D)
44 creatures vanquished.

Vanquished Creatures (collateral kills)
  A flying skull (D)
1 creature vanquished.

Vanquished Creatures (others)
  75 foxfires (D)
75 creatures vanquished.

Grand Total: 120 creatures vanquished

Notes
Turn   | Place    | Note
-------+----------+-------------------------------------------
     0 | D        | Conn the Octopode Fire Elementalist began the quest for the
                  | Orb.
     0 | D        | Reached XP level 1. HP: 11/11 MP: 3/3
    71 | D        | Found a bloodstained altar of Trog.
    71 | D        | Found a shimmering blue altar of Sif Muna.
    71 | D        | Found a viscous altar of Jiyva.
    71 | D        | Found a hazy altar of Hepliaklqana.
    71 | D        | Found an opulent altar of Gozag.
    72 | D        | Found a glowing golden altar of the Shining One.
    72 | D        | Found a glowing silver altar of Zin.
    72 | D        | Found a basalt altar of Yredelemnul.
    72 | D        | Found a shimmering altar of Xom.
    72 | D        | Found an ornate altar of the Wu Jian Council.
    72 | D        | Found a sacrificial altar of Ru.
    72 | D        | Found a stormy altar of Qazlal.
    72 | D        | Found an iron altar of Okawaru.
    72 | D        | Found a sparkling altar of Nemelex Xobeh.
    72 | D        | Found a burning altar of Makhleb.
    72 | D        | Found a blossoming altar of Fedhas.
    72 | D        | Found a white marble altar of Elyvilon.
    72 | D        | Found a shadowy altar of Dithmenos.
    72 | D        | Found a snail-covered altar of Cheibriados.
    73 | D        | Found a radiant altar of Vehumet.
    73 | D        | Found a corrupted altar of Lugonu.
    74 | D        | Found an ancient bone altar of Kikubaaqudgha.
    74 | D        | Found a hide-covered altar of Uskayaw.
    74 | D        | Found a broken altar of Ashenzari.
    75 | D        | Became a worshipper of Sif Muna the Loreminder
    86 | D        | Noticed a scorpion
    88 | D        | Upgraded the game from 0.28-a0-122-gfd0ec89410 to
                  | 0.28-a0-224-g76b539d98b
    92 | D        | Killed a scorpion
    93 | D        | Reached skill level 6 in Fire Magic
    93 | D        | Reached XP level 2. HP: 17/17 MP: 3/6
    93 | D        | Reached XP level 3. HP: 21/21 MP: 4/8
    93 | D        | Reached XP level 4. HP: 27/27 MP: 4/9
   162 | D        | Reached * piety under Sif Muna
   179 | D        | Noticed a floating eye
   180 | D        | Noticed a gnoll sergeant
   187 | D        | Paralysed by a floating eye for 4 turns
   188 | D        | Reached ** piety under Sif Muna
   193 | D        | Killed a floating eye
   194 | D        | Reached skill level 5 in Stealth
   194 | D        | Reached skill level 5 in Spellcasting
   194 | D        | Reached skill level 8 in Fire Magic
   194 | D        | Reached XP level 5. HP: 31/31 MP: 6/12
   203 | D        | Reached skill level 9 in Fire Magic
   203 | D        | Reached XP level 6. HP: 30/36 MP: 8/14
   205 | D        | Reached *** piety under Sif Muna
   338 | D        | Noticed a flying skull
   348 | D        | Learned a level 3 spell: Conjure Flame
   352 | D        | Learned a level 3 spell: Inner Flame
   357 | D        | Learned a level 4 spell: Sticky Flame
   363 | D        | Learned a level 5 spell: Fireball
   370 | D        | Noticed a warg
   371 | D        | Reached **** piety under Sif Muna
   375 | D        | Reached skill level 5 in Dodging
   375 | D        | Reached skill level 10 in Fire Magic
   382 | D        | Reached skill level 1 in Short Blades
   388 | D        | Killed a warg
   389 | D        | Reached XP level 7. HP: 24/42 MP: 10/16
   410 | D        | Reached ***** piety under Sif Muna
   410 | D        | Received a gift from Sif Muna
   411 | D        | Got Sif Muna's Grimoire of Conjuration {god gift}
   434 | D        | Killed a flying skull
   543 | D        | Reached skill level 1 in Fighting
   543 | D        | Reached skill level 11 in Fire Magic
   544 | D        | Noticed a freezing wraith
   566 | D        | Killed a freezing wraith
   567 | D        | Reached skill level 1 in Hexes
   567 | D        | Reached XP level 8. HP: 22/48 MP: 7/18
   793 | D        | Reached skill level 5 in Conjurations
   797 | D        | Received a gift from Sif Muna
   798 | D        | Got Sif Muna's Catalogue of Harmful Changing {god gift}
   906 | D        | Noticed a cyclops
   924 | D        | Killed a cyclops
   925 | D        | Reached skill level 5 in Short Blades
  1072 | D        | Found the +7 pair of quick blades "Gyre" and "Gimble"
                  | {protect}
  1171 | D        | Learned a level 5 spell: Iskenderun's Battlesphere
  1172 | D        | Noticed a boulder beetle
  1185 | D        | Killed a boulder beetle
  1186 | D        | Reached skill level 12 in Fire Magic
  1186 | D        | Reached XP level 9. HP: 55/55 MP: 18/21
  1199 | D        | Noticed an orange demon
  1202 | D        | Killed an orange demon
  1210 | D        | Noticed a red devil
  1259 | D        | Killed a red devil
  1259 | D        | Received a gift from Sif Muna
  1262 | D        | Got Fykefia's Compendium of Enchantment and Creation {god
                  | gift}
  1277 | D        | Learned a level 1 spell: Magic Dart
  1286 | D        | Noticed a cyclops
  1291 | D        | Killed a cyclops
  1445 | D        | Noticed a two-headed ogre
  1472 | D        | Killed a two-headed ogre
  1473 | D        | Reached skill level 13 in Fire Magic
  1473 | D        | Reached XP level 10. HP: 46/63 MP: 1/23
  1649 | D        | Reached skill level 10 in Spellcasting
  1658 | D        | Reached skill level 10 in Conjurations
  1661 | D        | Succumbed to a redback's poison

Illustrated notes

Levels and vault maps discovered:
D:        pitsprint [storerooms_1, entrance_room_1, metal_vault_6, armoury_3,
          mini_pit_1, grid_room_1, main_hall_1, silver_pit, the_coven_1,
          the_vestibule_1, steel_vault_1, golden_pit, hallway_of_sentries,
          crystal_vault_4, iron_vault_4, final_vault]

Skill      XL: |  1  2  3  4  5  6  7  8  9 10 |
---------------+-------------------------------+-----
Dodging        | 3 4 5 6 |  6.0
Stealth        | 4 5 8 |  8.8
Spellcasting   | 3 5 6 7 8 9 10 | 10.2
Fire Magic     | 6 8 9 10 11 12 13 | 13.2
Conjurations   | 2 4 7 9 10 | 10.0
Short Blades   | 2 4 5 7 |  7.2
Fighting       | 1 2 3 4 |  4.0
Hexes          | 1 3 4 |  4.5
Invocations    | 2 6 |  6.3

Action                   |  1- 3 |  4- 6 |  7- 9 | 10-12 || total
-------------------------+-------+-------+-------+-------++-------
Melee: Dagger            |     3 |    28 |    20 |       ||    51
       Constrict         |     1 |     5 |     4 |     1 ||    11
       Tentacles         |     1 |     5 |     2 |       ||     8
       Pair of quick bla |       |       |     5 |     2 ||     7
 Cast: Foxfire           |     2 |     6 |    26 |    12 ||    46
       Sticky Flame      |       |     1 |     2 |     4 ||     7
       Inner Flame       |       |       |    12 |     1 ||    13
       Fireball          |       |       |    10 |       ||    10
       Conjure Flame     |       |       |     5 |     1 ||     6
       Iskenderun's Batt |       |       |     2 |       ||     2
Invok: Channel Magic     |       |       |     2 |       ||     2
  Use: Potion            |     1 |     2 |    12 |     4 ||    19
       Scroll            |       |       |     2 |       ||     2
 Stab: Invisible         |       |     4 |       |       ||     4
       Sleeping          |       |     6 |     1 |       ||     7
Armor: Skin              |     1 |       |     1 |     2 ||     4
Dodge: Dodged            |     1 |    17 |    17 |     5 ||    40

Table legend: (Time is in decaauts)
 A = Elapsed time spent in this place.
 B = Non-inter-level travel time spent in this place.
 C = Inter-level travel time spent in this place.
 D = Time resting spent in this place.
 E = Time spent auto-exploring this place.
 F = Levels seen in this place.
 G = Mean time per level.
                   A        B        C        D        E       F      G
               +--------+--------+--------+--------+--------+-----+--------+
         Total |   1653 |   1653 |      0 |    881 |     28 |   1 | 1653.0 |
       Dungeon |   1653 |   1653 |      0 |    881 |     28 |   1 | 1653.0 |
               +--------+--------+--------+--------+--------+-----+--------+

Top non-repeatable levels by time:
       D: 1653 daAuts
